AA
NEW HAMPSHIRE FISHER CATS @ MOBILE BAYBEARS
05/17/2024
 
TOP OF THE 1ST
New Hampshire Fisher Cats batting - Pitching for Mobile BayBears : LHP MacKenzie Gore
Pitching: LHP MacKenzie Gore
Batting: RHB Luisangel Acuna 0-0: Ball
1-0: Foul Ball, location: 2F
1-1: Fly out, F8 (Line Drive, 89D, EV 88.8 MPH)
Batting: LHB Wilyer Abreu 0-0: SOLO HOME RUN (Flyball, 9LD, EV 95.0 MPH), Distance : 332 ft
Batting: RHB Dermis Garcia 0-0: Called Strike
0-1: Ball
1-1: Swinging Strike
1-2: Ball
2-2: Strikes out swinging
Batting: LHB Jacob Melton 0-0: Called Strike
0-1: Ball
1-1: Ball
2-1: Ground out 6-3 (Groundball, 6M, EV 103.1 MPH)
Top of the 1st over - 1 run, 1 hit, 0 errors, 0 left on base; New Hampshire 1 - Mobile 0
BOTTOM OF THE 1ST
Mobile BayBears batting - Pitching for New Hampshire Fisher Cats : RHP Bryce Miller
Pitching: RHP Bryce Miller
Batting: LHB Joe Lampe 0-0: Called Strike
0-1: Ball
1-1: Ball
2-1: DOUBLE (Line Drive, 78D, EV 93.1 MPH)
Batting: RHB Kevin Parada 0-0: Ball
1-0: Fielders Choice attempt at 3rd, Runner SAFE. 6-5 (Groundball, 6, EV 79.4 MPH)
Batting: SHB Michael Toglia 0-0: Foul Ball, location: 2F
0-1: Ball
1-1: SINGLE (Flyball, 3D, EV 90.6 MPH)
Joe Lampe scores
Kevin Parada to second
Runner from 2nd tries for 3rd, SAFE, no throw by RF
Batting: LHB Josh Lester 0-0: Ball
Michael Toglia steals 2nd base
1-0: Ball
2-0: Called Strike
2-1: Fly out, F4 (Popup, 4, EV 57.5 MPH)
Batting: RHB Corey Julks 0-0: Fly out, F3 (Popup, 23F, EV 86.9 MPH)
Batting: LHB Zach McKinstry 0-0: Called Strike
0-1: Ball
1-1: Foul Ball, location: 2F
1-2: Ball
2-2: Ball
3-2: Ground out 6-3 (Groundball, 6, EV 83.1 MPH)
Bottom of the 1st over - 1 run, 2 hits, 0 errors, 2 left on base; New Hampshire 1 - Mobile 1
TOP OF THE 2ND
New Hampshire Fisher Cats batting - Pitching for Mobile BayBears : LHP MacKenzie Gore
Batting: SHB Noah Miller 0-0: Ball
1-0: Called Strike
1-1: Ball
2-1: Ground out 4-3 (Groundball, 4, EV 91.3 MPH)
Batting: LHB Jose Godoy 0-0: Ball
1-0: Foul Ball, location: 7LDF
1-1: SINGLE (Line Drive, 7LM, EV 97.5 MPH)
Batting: LHB James Wood 0-0: Fly out, F7 (Flyball, 7D, EV 98.8 MPH)
Batting: RHB Blaze Alexander 0-0: Called Strike
0-1: Foul Ball, location: 2F
Pickoff Throw to First - Out! 1-3 CS
Top of the 2nd over - 0 runs, 1 hit, 0 errors, 0 left on base; New Hampshire 1 - Mobile 1
BOTTOM OF THE 2ND
Mobile BayBears batting - Pitching for New Hampshire Fisher Cats : RHP Bryce Miller
Batting: RHB Carter Kieboom 0-0: Foul Ball, location: 2F
0-1: Foul Ball, location: 2F
0-2: Ball
1-2: Foul Ball, location: 9LMF
1-2: Foul Ball, location: 3F
1-2: DOUBLE (Line Drive, 89XD, EV 108.8 MPH)
Batting: RHB Matthew Batten 0-0: Called Strike
0-1: Foul Ball, location: 2F
0-2: Foul Ball, location: 23FF
0-2: Ball
1-2: Foul Ball, location: 3DF
1-2: SINGLE (Line Drive, 56D, EV 94.4 MPH)
Carter Kieboom to third
Runner from 3rd tries for Home, SAFE, throw by LF to home
Batting: RHB Ryan Kreidler 0-0: Called Strike
0-1: Ball
1-1: Ball
2-1: Swinging Strike
2-2: Ball
3-2: SINGLE (Line Drive, 78M, EV 78.8 MPH)
Matthew Batten to second
Batting: LHB Joe Lampe 0-0: Called Strike
0-1: Called Strike
0-2: Ball
1-2: Fly out, F8 (Flyball, 8RM, EV 89.4 MPH)
Batting: RHB Kevin Parada 0-0: Swinging Strike
0-1: Foul Ball, location: 7LDF
0-2: Foul Ball, location: 25F
0-2: Foul Ball, location: 9LDF
0-2: Ball
1-2: Foul Ball, location: 3FF
1-2: Ball
2-2: Fly out, F5 (Popup, 5SF, EV 77.5 MPH)
Batting: SHB Michael Toglia 0-0: Called Strike
0-1: Ball
1-1: Swinging Strike
1-2: Ball
2-2: Fly out, F8 (Flyball, 89M, EV 95.0 MPH)
Bottom of the 2nd over - 1 run, 3 hits, 0 errors, 2 left on base; New Hampshire 1 - Mobile 2
TOP OF THE 3RD
New Hampshire Fisher Cats batting - Pitching for Mobile BayBears : LHP MacKenzie Gore
Batting: RHB Blaze Alexander 0-0: Called Strike
0-1: Foul Ball, location: 7LMFF
0-2: Ball
1-2: Foul Ball, location: 2F
1-2: Strikes out swinging
Batting: LHB Izaac Pacheco 0-0: Ball
1-0: Ball
2-0: Ball
3-0: Called Strike
3-1: Ground out 4-3 (Groundball, 4, EV 86.3 MPH)
Batting: RHB Luisangel Acuna 0-0: Ball
1-0: Called Strike
1-1: Foul Ball, location: 9LDF
1-2: Strikes out swinging
Top of the 3rd over - 0 runs, 0 hits, 0 errors, 0 left on base; New Hampshire 1 - Mobile 2
BOTTOM OF THE 3RD
Mobile BayBears batting - Pitching for New Hampshire Fisher Cats : RHP Bryce Miller
Batting: LHB Josh Lester 0-0: Fly out, F5 (Popup, 15, EV 73.8 MPH)
Batting: RHB Corey Julks 0-0: Swinging Strike
0-1: Ground out 5-3 (Groundball, 56, EV 71.3 MPH)
Batting: LHB Zach McKinstry 0-0: Called Strike
0-1: Ball
1-1: Fly out, F6 (Popup, 6, EV 65.6 MPH)
Bottom of the 3rd over - 0 runs, 0 hits, 0 errors, 0 left on base; New Hampshire 1 - Mobile 2
TOP OF THE 4TH
New Hampshire Fisher Cats batting - Pitching for Mobile BayBears : LHP MacKenzie Gore
Batting: LHB Wilyer Abreu 0-0: Foul Ball, location: 9LMF
0-1: Called Strike
0-2: Ball
1-2: Strikes out looking
Batting: RHB Dermis Garcia 0-0: Called Strike
0-1: Ball
1-1: Foul Ball, location: 9LSF
1-2: Ball
2-2: Ball
3-2: Foul Ball, location: 3SF
3-2: Fly out, F7 (Flyball, 78S, EV 93.1 MPH)
Batting: LHB Jacob Melton 0-0: Foul Ball, location: 2F
0-1: Swinging Strike
0-2: Ball
1-2: Strikes out swinging
Top of the 4th over - 0 runs, 0 hits, 0 errors, 0 left on base; New Hampshire 1 - Mobile 2
BOTTOM OF THE 4TH
Mobile BayBears batting - Pitching for New Hampshire Fisher Cats : RHP Bryce Miller
Batting: RHB Carter Kieboom 0-0: Ball
1-0: Swinging Strike
1-1: Ball
2-1: Ball
3-1: Fly out, F7 (Line Drive, 7D, EV 88.1 MPH)
Batting: RHB Matthew Batten 0-0: Foul Ball, location: 2F
0-1: Ground out 5-3 (Groundball, 56S, EV 84.4 MPH)
Batting: RHB Ryan Kreidler 0-0: Swinging Strike
0-1: Ball
1-1: Foul Ball, location: 9LSF
1-2: Foul Ball, location: 2F
1-2: Ball
2-2: Ball
3-2: Foul Ball, location: 5F
3-2: Foul Ball, location: 2F
3-2: Base on Balls
Batting: LHB Joe Lampe 0-0: Ball
1-0: Fly out, F9 (Flyball, 9LM, EV 101.3 MPH)
Bottom of the 4th over - 0 runs, 0 hits, 0 errors, 1 left on base; New Hampshire 1 - Mobile 2
TOP OF THE 5TH
New Hampshire Fisher Cats batting - Pitching for Mobile BayBears : LHP MacKenzie Gore
Batting: SHB Noah Miller 0-0: Swinging Strike
0-1: Fly out, F3 (Popup, 34S, EV 73.8 MPH)
Batting: LHB Jose Godoy 0-0: Ball
1-0: Swinging Strike
1-1: Ball
2-1: SINGLE (Groundball, 4MD, EV 106.3 MPH)
Batting: LHB James Wood 0-0: Ball
1-0: Ball
2-0: Ball
3-0: Called Strike
3-1: Called Strike
3-2: Foul Ball, location: 7LSF
3-2: Foul Ball, location: 7LSF
3-2: Foul Ball, location: 2F
3-2: Base on Balls
Jose Godoy to second
Batting: RHB Blaze Alexander 0-0: Called Strike
0-1: Ball
1-1: Ball
2-1: Ball
3-1: Swinging Strike
3-2: Foul Ball, location: 2F
3-2: Foul Ball, location: 9LSF
3-2: Foul Ball, location: 25F
3-2: Foul Ball, location: 5FF
3-2: Ground out 5-3 (Groundball, 56, EV 84.4 MPH)
Jose Godoy to third
James Wood to second
Batting: LHB Izaac Pacheco 0-0: Ball
1-0: Ball
2-0: Called Strike
2-1: Swinging Strike
2-2: Ball
Wild Pitch!
Jose Godoy scores
James Wood to third
3-2: DOUBLE (Line Drive, 9LM, EV 110.0 MPH)
James Wood scores
Batting: RHB Luisangel Acuna 0-0: Called Strike
0-1: Ball
1-1: Swinging Strike
1-2: Foul Ball, location: 5DF
1-2: Ball
Wild Pitch!
Izaac Pacheco to third
2-2: Ball
3-2: Base on Balls
Batting: LHB Wilyer Abreu 0-0: Swinging Strike
0-1: Ball
1-1: Foul Ball, location: 25FF
1-2: Ball
2-2: Ball
3-2: Foul Ball, location: 5SF
3-2: Fly out, F8 (Line Drive, 8LS, EV 99.4 MPH)
Top of the 5th over - 2 runs, 2 hits, 0 errors, 2 left on base; New Hampshire 3 - Mobile 2
BOTTOM OF THE 5TH
Mobile BayBears batting - Pitching for New Hampshire Fisher Cats : RHP Bryce Miller
Batting: RHB Kevin Parada 0-0: Ball
1-0: Foul Ball, location: 23F
1-1: Ball
2-1: SINGLE (Flyball, 89S, EV 88.1 MPH)
Batting: SHB Michael Toglia 0-0: Fly out, F9 (Flyball, 9D, EV 101.9 MPH)
Batting: LHB Josh Lester 0-0: Ball
1-0: Called Strike
1-1: Ball
2-1: Ball
3-1: Fly out, F9 (Flyball, 9LS, EV 93.8 MPH)
Batting: RHB Corey Julks 0-0: Ball
Kevin Parada steals 2nd base
1-0: Fly out, F8 (Flyball, 8RXD, EV 103.1 MPH)
Bottom of the 5th over - 0 runs, 1 hit, 0 errors, 1 left on base; New Hampshire 3 - Mobile 2
TOP OF THE 6TH
New Hampshire Fisher Cats batting - Pitching for Mobile BayBears : LHP MacKenzie Gore
Batting: RHB Dermis Garcia 0-0: Called Strike
0-1: Swinging Strike
0-2: Foul Ball, location: 2F
0-2: SINGLE (Line Drive, 7LS, EV 105.0 MPH)
Batting: LHB Jacob Melton 0-0: Ball
1-0: Ball
2-0: Called Strike
2-1: Foul Ball, location: 7LMF
2-2: Foul Ball, location: 7LMF
2-2: Fly out, F9 (Flyball, 9LM, EV 92.5 MPH)
Pitching: RHP Oliver Ortega
Batting: SHB Noah Miller 0-0: Fly out, F7 (Flyball, 7D, EV 99.4 MPH)
Batting: LHB Jose Godoy 0-0: Ball
Dermis Garcia steals 2nd base
1-0: Called Strike
1-1: Ground out 5-3 (Groundball, 56, EV 104.4 MPH)
Top of the 6th over - 0 runs, 1 hit, 0 errors, 1 left on base; New Hampshire 3 - Mobile 2
BOTTOM OF THE 6TH
Mobile BayBears batting - Pitching for New Hampshire Fisher Cats : RHP Bryce Miller
Batting: LHB Zach McKinstry 0-0: Ball
1-0: Called Strike
1-1: Swinging Strike
1-2: Strikes out swinging
Batting: RHB Carter Kieboom 0-0: Called Strike
0-1: Called Strike
0-2: Ball
1-2: Ball
2-2: Foul Ball, location: 9LMF
2-2: Ball
3-2: SINGLE (Groundball, 4D, EV 108.1 MPH)
Batting: RHB Matthew Batten 0-0: Called Strike
0-1: Swinging Strike
0-2: Foul Ball, location: 9LMFF
0-2: Strikes out swinging
Batting: RHB Ryan Kreidler 0-0: Called Strike
0-1: Ball
1-1: Called Strike
1-2: Strikes out looking
Bottom of the 6th over - 0 runs, 1 hit, 0 errors, 1 left on base; New Hampshire 3 - Mobile 2
TOP OF THE 7TH
New Hampshire Fisher Cats batting - Pitching for Mobile BayBears : RHP Oliver Ortega
Batting: LHB James Wood 0-0: Ball
1-0: Called Strike
1-1: Ball
2-1: Called Strike
2-2: Strikes out looking
Pitching: RHP Dylan Coleman
Batting: RHB Blaze Alexander 0-0: Ball
1-0: Ball
2-0: Ball
3-0: Called Strike
3-1: SINGLE (Groundball, 6, EV 98.8 MPH)
Batting: LHB Izaac Pacheco 0-0: Called Strike
0-1: Ball
1-1: Ball
2-1: Ball
3-1: Foul Ball, location: 2F
3-2: Strikes out looking
Batting: RHB Luisangel Acuna 0-0: Called Strike
0-1: SINGLE (Line Drive, 7S, EV 99.4 MPH)
Blaze Alexander to second
Pitching: RHP Lake Bachar
Batting: LHB Wilyer Abreu 0-0: Swinging Strike
0-1: Swinging Strike
0-2: Foul Ball, location: 7LMF
0-2: Strikes out swinging
Top of the 7th over - 0 runs, 2 hits, 0 errors, 2 left on base; New Hampshire 3 - Mobile 2
BOTTOM OF THE 7TH
Mobile BayBears batting - Pitching for New Hampshire Fisher Cats : RHP Bryce Miller
Pitching: RHP Nate Pearson
Batting: LHB Joe Lampe 0-0: Ball
1-0: Called Strike
1-1: Ball
2-1: Fly out, F8 (Flyball, 8RM, EV 85.6 MPH)
Batting: RHB Kevin Parada 0-0: Ball
1-0: Called Strike
1-1: Swinging Strike
1-2: Foul Ball, location: 2F
1-2: Foul Ball, location: 9LMF
1-2: Foul Ball, location: 9LSF
1-2: Ball
2-2: Ball
3-2: Foul Ball, location: 2RF
3-2: SINGLE (Groundball, 6MD, EV 101.9 MPH)
Batting: SHB Michael Toglia 0-0: Ball
1-0: Foul Ball, location: 9LMF
1-1: Swinging Strike
1-2: DOUBLE (Line Drive, 9LM, EV 103.1 MPH)
Kevin Parada to third
Batting: LHB Josh Lester 0-0: DOUBLE (Flyball, 8RXD, EV 92.5 MPH)
Kevin Parada scores
Michael Toglia scores
Batting: RHB Corey Julks 0-0: Ball
1-0: Ball
2-0: Foul Ball, location: 5FF
2-1: Fly out, F8 (Flyball, 8RM, EV 74.4 MPH)
Batting: LHB Zach McKinstry 0-0: Called Strike
0-1: SINGLE (Line Drive, 6MD, EV 104.4 MPH)
Josh Lester to third
Runner from 3rd tries for Home, SAFE, throw by CF to home
Batting: RHB Carter Kieboom 0-0: Ball
1-0: Foul Ball, location: 9LDF
1-1: Foul Ball, location: 2F
1-2: Strikes out swinging
Bottom of the 7th over - 3 runs, 4 hits, 0 errors, 1 left on base; New Hampshire 3 - Mobile 5
TOP OF THE 8TH
New Hampshire Fisher Cats batting - Pitching for Mobile BayBears : RHP Lake Bachar
Now at 3B: Carter Kieboom
Now in RF: Yusniel Diaz
Pinch Hitting: LHB Luke Waddell 0-0: Called Strike
0-1: Ball
1-1: Fly out, F7 (Flyball, 7D, EV 109.4 MPH)
Batting: LHB Jacob Melton 0-0: Ball
1-0: Fly out, F8 (Line Drive, 8LS, EV 96.9 MPH)
Batting: SHB Noah Miller 0-0: Foul Ball, location: 7LDF
0-1: Fly out, F8 (Line Drive, 8RD, EV 89.4 MPH)
Top of the 8th over - 0 runs, 0 hits, 0 errors, 0 left on base; New Hampshire 3 - Mobile 5
BOTTOM OF THE 8TH
Mobile BayBears batting - Pitching for New Hampshire Fisher Cats : RHP Nate Pearson
Pitching: RHP Carmen Mlodzinski
Now at 1B: Justin Connell
Batting: RHB Yusniel Diaz 0-0: Ball
1-0: Called Strike
1-1: SOLO HOME RUN (Flyball, 9LD, EV 94.4 MPH), Distance : 345 ft
Batting: RHB Ryan Kreidler 0-0: Called Strike
0-1: Ball
1-1: Swinging Strike
1-2: Ball
2-2: Strikes out swinging
Batting: LHB Joe Lampe 0-0: SINGLE (Groundball, 13, EV 73.8 MPH) (infield hit)
Batting: RHB Kevin Parada 0-0: Ball
Joe Lampe steals 2nd base (no throw)
1-0: Ball
2-0: Foul Ball, location: 2F
2-1: Swinging Strike
2-2: Ball
3-2: Base on Balls
Batting: SHB Michael Toglia 0-0: Ball
Joe Lampe steals 3rd base
Kevin Parada to second
1-0: Called Strike
1-1: Foul Ball, location: 2F
1-2: Foul Ball, location: 7LMF
1-2: SINGLE (Groundball, 4D, EV 100.6 MPH)
Joe Lampe scores
Kevin Parada to third
Runner from 3rd tries for Home, SAFE, throw by RF to home
Michael Toglia to second
Pitching: RHP Drey Jameson
Batting: LHB Josh Lester 0-0: Foul Ball, location: 9LDF
0-1: Foul Ball, location: 7LMF
0-2: Ball
1-2: Strikes out swinging, 2-3 out at first.
Batting: RHB Corey Julks 0-0: Ball
1-0: Called Strike
1-1: Called Strike
1-2: Foul Ball, location: 2F
1-2: Strikes out swinging
Bottom of the 8th over - 3 runs, 3 hits, 0 errors, 1 left on base; New Hampshire 3 - Mobile 8
TOP OF THE 9TH
New Hampshire Fisher Cats batting - Pitching for Mobile BayBears : RHP Lake Bachar
Batting: LHB Jose Godoy 0-0: Called Strike
0-1: Fly out, F5 (Popup, 25F, EV 82.5 MPH)
Batting: LHB James Wood 0-0: Ball
1-0: Foul Ball, location: 7LDF
1-1: Ball
2-1: Ball
3-1: Called Strike
3-2: Fly out, F8 (Flyball, 8LM, EV 75.0 MPH)
Batting: RHB Blaze Alexander 0-0: Called Strike
0-1: Swinging Strike
0-2: Foul Ball, location: 9LDF
0-2: Foul Ball, location: 2F
0-2: Ball
1-2: Strikes out looking
Top of the 9th over - 0 runs, 0 hits, 0 errors, 0 left on base; New Hampshire 3 - Mobile 8
Tuesday, March 26th , 2024 - OOTP Baseball 24.11 Build 85